 Dungeon Crawl Stone Soup version 0.22.0-36-g8e74550d25 (webtiles) character file.

1658654 Ge0ff the Wrestler (level 27, 248/269 HPs)
             Began as a Troll Earth Elementalist on Aug 24, 2018.
             Was a Believer of Uskayaw.
             Escaped with the Orb
             ... and 3 runes on Aug 25, 2018!
             The game lasted 06:01:51 (82654 turns).

Ge0ff the Wrestler (Troll Earth Elementalist)      Turns: 82654, Time: 06:01:52

Health: 248/269    AC: 29    Str: 31    XL:     27
Magic:  14/25      EV: 14    Int: 17    God:    Uskayaw [**....]
Gold:   1233       SH: 30    Dex: 13    Spells: 5/48 levels left

rFire    + + +     SeeInvis +     - Unarmed
rCold    . . .     Gourm    +   c - +8 large shield {rF+}
rNeg     + . .     Faith    .   E - +4 storm dragon scales of the Skies Above {rElec rPois MR+ Dex+3}
rPois    +         Spirit   +   v - +2 hat of the Bear Spirit {Spirit, +Rage rN+ MR++}
rElec    +         Reflect  .   X - +2 cloak {rPois}
rCorr    +         Harm     .   (gloves unavailable)
MR       +++++                  (boots unavailable)
Stlth    ..........             m - amulet "Solor" {+Rage Str+4}
HPRegen  0.94/turn              S - ring "Quuh" {rCorr rElec rF+ SInv}
MPRegen  0.19/turn              W - ring "Buloig" {Wiz Slay+5, =R}

@: very slightly contaminated
A: large, unfitting armour, claws 3, blurry vision 1, fire resistance 1, fast
metabolism 3, gourmand, low mp 3, regeneration 1, shaggy fur 1, tough skin 2
0: Orb of Zot
}: 3/15 runes: barnacled, silver, gossamer
a: Stomp, Line Pass, Renounce Religion, Evoke Berserk Rage


You escaped.
You worshipped Uskayaw.
Uskayaw was pleased with you.
You were very full.

You visited 11 branches of the dungeon, and saw 51 of its levels.
You also visited: Bailey and Wizlab.

You collected 8727 gold pieces.
You spent 7494 gold pieces at shops.

Inventory:

Hand Weapons
 b - a +4 blowgun
Missiles
 u - 15 javelins of penetration
 K - 7 curare-tipped needles
 P - 14 throwing nets {!f}
 V - 54 javelins (quivered)
Armour
 c - a +8 large shield of fire resistance (worn)
 l - the +9 scales of the Dragon King {rPois rF+ rC+ MR+}
   (You found it on level 4 of the Realm of Zot)

   It protects you from fire.
   It protects you from cold.
   It protects you from poison.
   It affects your resistance to hostile enchantments.
 v - the +2 hat of the Bear Spirit (worn) {Spirit, +Rage rN+ MR++}
   (You found it on level 3 of the Elven Halls)

   It protects you from negative energy.
   It affects your resistance to hostile enchantments.
   It lets you go berserk.
 E - the +4 storm dragon scales of the Skies Above (worn) {rElec rPois MR+ Dex+3}
   (You acquired it on level 3 of the Lair of Beasts)

   It affects your dexterity (+3).
   It insulates you from electricity.
   It protects you from poison.
   It affects your resistance to hostile enchantments.
 L - the +4 moon troll leather armour {Spirit, Regen++ MP+5}
   (You found it on level 3 of the Elven Halls)

   It affects your magic capacity (+5).
   It increases your rate of regeneration.
 X - a +2 cloak of poison resistance (worn)
Jewellery
 a - a +5 ring of evasion
 m - the amulet "Solor" (around neck) {+Rage Str+4}
   (You took it off a merfolk siren on level 4 of the Shoals)

   [amulet of rage]

   It affects your strength (+4).
   It lets you go berserk.
 z - the ring "Vuokk" {rC++ rN+ MR+++ Dex-2}
   (You bought it in a shop on level 4 of the Vaults)

   [ring of positive energy]

   It affects your dexterity (-2).
   It greatly protects you from cold.
   It protects you from negative energy.
   It affects your resistance to hostile enchantments.
 N - the ring "Qinlami" {rF+ rN+++ MP+9 Str+3 Slay-3}
   (You took it off a deep elf mage on level 5 of the Vaults)

   [ring of protection from fire]

   It affects your strength (+3).
   It affects your accuracy and damage with ranged weapons and melee attacks
   (-3).
   It protects you from fire.
   It renders you almost immune to negative energy.
   It affects your magic capacity (+9).
 S - the ring "Quuh" (left claw) {rCorr rElec rF+ SInv}
   (You found it on level 2 of the Depths)

   [ring of resist corrosion]

   It protects you from fire.
   It insulates you from electricity.
   It lets you see invisible.
 W - the ring "Buloig" (right claw) {Wiz Slay+5, =R}
   (You bought it in a shop on level 2 of the Orcish Mines)

   [ring of wizardry]

   It improves your spell success rate.
   It affects your accuracy and damage with ranged weapons and melee attacks
   (+5).
Wands
 d - a wand of digging (70)
 e - a wand of enslavement (37)
 g - a wand of disintegration (9)
 j - a wand of acid (51)
 k - a wand of iceblast (21)
 p - a wand of paralysis (10)
 A - a wand of scattershot (5)
Scrolls
 i - 9 scrolls of identify
 B - 5 scrolls of blinking
 C - 22 scrolls of remove curse
 F - 5 scrolls of fog
 G - 2 scrolls of holy word {!r}
 J - 4 scrolls of fear
 M - 2 scrolls of magic mapping
 T - 20 scrolls of teleportation
Potions
 h - 5 potions of brilliance
 n - 3 potions of magic {!q}
 q - 20 potions of curing
 s - 4 potions of mutation {!q}
 t - 6 potions of agility
 D - 8 potions of ambrosia
 H - 7 potions of might
 I - 4 potions of cancellation {!q}
 O - 6 potions of haste {!q}
 Q - 8 potions of resistance
 Y - 7 potions of heal wounds {!q}
 Z - 2 potions of invisibility
Miscellaneous
 o - 2 phantom mirrors
 r - a phial of floods
 y - a lamp of fire
 R - a fan of gales
 U - 3 boxes of beasts
Comestibles
 f - 100 rations


   Skills:
 - Level 15.0 Fighting
 - Level 7.0 Throwing
 - Level 15.0 Armour
 + Level 14.0 Dodging
 - Level 7.0 Stealth
 - Level 15.0 Shields
 + Level 21.0 Unarmed Combat
 - Level 11.0 Spellcasting
 - Level 9.0 Conjurations
 - Level 10.0 Hexes
 - Level 3.0 Charms
 - Level 9.0 Summonings
 - Level 10.0 Necromancy
 - Level 3.0 Translocations
 - Level 9.0 Transmutations
 - Level 10.0 Air Magic
 - Level 10.0 Earth Magic
 - Level 12.0 Invocations
 - Level 3.0 Evocations


You had 5 spell levels left.
You knew the following spells:

 Your Spells              Type           Power        Failure   Level  Hunger
a - Portal Projectile     Hex/Tloc       ####..       1%          3    None
c - Blink                 Tloc           N/A          4%          2    None
e - Irradiate             Conj/Tmut      #####.....   6%          5    #####..
g - Apportation           Tloc           ###...       2%          1    None
k - Borgnjor's Vile Clut  Necr/Erth      #####.....   4%          5    #####..
o - Summon Butterflies    Summ           #####...     1%          1    None
r - Regeneration          Chrm/Necr      ####......   1%          3    None
s - Summon Mana Viper     Hex/Summ       #####...     5%          5    #####..
u - Aura of Abjuration    Summ           #####.....   6%          5    #####..
w - Passwall              Tmut/Erth      #####...     1%          2    None
y - Yara's Violent Unrav  Hex/Tmut       #####.....   5%          5    #####..
z - Animate Skeleton      Necr           N/A          1%          1    None
I - Silence               Hex/Air        #####.....   4%          5    #####..

Your spell library contained the following spells:

 Spells                   Type           Power        Failure   Level  Hunger
 Beastly Appendage        Tmut           #####.       1%          1    None
 Confusing Touch          Hex            #####.       1%          1    None
 Corona                   Hex            #####..      1%          1    None
 Flame Tongue             Conj/Fire      ###..        1%          1    None
 Magic Dart               Conj           ####         1%          1    None
 Pain                     Necr           ####         1%          1    None
 Sandblast                Erth           #####.       1%          1    None
 Sting                    Conj/Pois      ###.         1%          1    None
 Summon Small Mammal      Summ           ####         1%          1    None
 Call Imp                 Summ           #####...     1%          2    None
 Corpse Rot               Necr           N/A          1%          2    None
 Ensorcelled Hibernation  Hex/Ice        ####..       1%          2    None
 Poisonous Vapours        Pois/Air       ####..       1%          2    None
 Searing Ray              Conj           #####.       1%          2    None
 Slow                     Hex            #####...     1%          2    None
 Sticks to Snakes         Tmut           #####...     1%          2    None
 Swiftness                Chrm/Air       ####....     1%          2    None
 Call Canine Familiar     Summ           #####...     1%          3    None
 Confuse                  Hex            #####...     1%          3    None
 Dazzling Spray           Conj/Hex       #####.       1%          3    None
 Spectral Weapon          Hex/Chrm       ####....     1%          3    None
 Static Discharge         Conj/Air       #####...     1%          3    None
 Stone Arrow              Conj/Erth      #####.       1%          3    None
 Summon Guardian Golem    Hex/Summ       #####...     1%          3    None
 Tukima's Dance           Hex            #####...     1%          3    None
 Vampiric Draining        Necr           #####.....   1%          3    None
 Animate Dead             Necr           N/A          1%          4    ###....
 Cause Fear               Hex            #####.....   1%          4    ###....
 Fulminant Prism          Conj/Hex       #####.....   1%          4    ###....
 Leda's Liquefaction      Hex/Erth       #####.....   1%          4    ###....
 Petrify                  Tmut/Erth      #####...     1%          4    ###....
 Summon Lightning Spire   Summ/Air       #####...     1%          4    ###....
 Infusion                 Chrm           ###.         2%          1    None
 Throw Flame              Conj/Fire      ###...       2%          2    None
 Throw Frost              Conj/Ice       ###...       2%          2    None
 Mephitic Cloud           Conj/Pois/Air  ####....     2%          3    None
 Recall                   Summ/Tloc      N/A          2%          3    None
 Iskenderun's Mystic Bla  Conj           #####...     2%          4    ###....
 Inner Flame              Hex/Fire       ####....     3%          3    None
 Shroud of Golubria       Chrm/Tloc      ###.......   4%          2    None
 Song of Slaying          Chrm           ###.....     4%          2    None
 Conjure Flame            Conj/Fire      ###.....     4%          3    None
 Spider Form              Tmut/Pois      ###.......   4%          3    None
 Agony                    Necr           #####...     4%          5    #####..
 Lee's Rapid Deconstruct  Erth           #####.....   4%          5    #####..
 Bolt of Draining         Conj/Necr      #####.....   5%          5    #####..
 Lightning Bolt           Conj/Air       #####.....   5%          5    #####..
 Blade Hands              Tmut           #####.....   6%          5    #####..
 Summon Demon             Summ           #####.....   6%          5    #####..
 Gell's Gravitas          Tloc           ###.......   9%          3    None
 Lesser Beckoning         Tloc           ###.......   9%          3    None
 Teleport Other           Tloc           ###.....     9%          3    None
 Force Lance              Conj/Tloc      ####....     9%          4    ###....
 Freeze                   Ice            #...         10%         1    None
 Ozocubu's Armour         Chrm/Ice       ##......     16%         3    None
 Ice Form                 Ice/Tmut       ###.....     16%         4    ###....
 Sticky Flame             Conj/Fire      ###.....     16%         4    ###....
 Summon Ice Beast         Ice/Summ       ###.....     16%         4    ###....
 Throw Icicle             Conj/Ice       ###.....     16%         4    ###....
 Bolt of Magma            Conj/Fire/Erth ####......   19%         5    #####..
 Iskenderun's Battlesphe  Conj/Chrm      ####....     22%         5    #####..
 Summon Forest            Summ/Tloc      ####......   22%         5    #####..
 Metabolic Englaciation   Hex/Ice        ####......   32%         5    #####..
 Fireball                 Conj/Fire      ###.......   38%         5    #####..
 Venom Bolt               Conj/Pois      ###.......   38%         5    #####..
 Olgreb's Toxic Radiance  Pois           #.......     65%         4    ###....
 Darkness                 Hex            #####.....   24%         6    ######.
 Invisibility             Hex            #####...     24%         6    ######.
 Conjure Ball Lightning   Conj/Air       #####.....   28%         6    ######.
 Iron Shot                Conj/Erth      #####.....   28%         6    ######.
 Statue Form              Tmut/Erth      #####....    28%         6    ######.
 Deflect Missiles         Chrm/Air       ####......   65%         6    ######.
 Freezing Cloud           Conj/Ice/Air   ####......   69%         6    ######.
 Simulacrum               Ice/Necr       ####......   86%         6    ######.
 Orb of Destruction       Conj           #####.....   86%         7    #######
 Spellforged Servitor     Conj/Summ      #####.....   86%         7    #######
 Summon Hydra             Summ           #####.....   86%         7    #######
 Bolt of Fire             Conj/Fire      ###.......   89%         6    ######.
 Ozocubu's Refrigeration  Ice            #.........   100%        6    ######.
 Ring of Flames           Chrm/Fire      ##........   100%        7    #######
 Discord                  Hex            #####.....   100%        8    #######
 Disjunction              Tloc           ###.......   100%        8    #######
 Ignition                 Fire           #.........   100%        8    #######
 Shatter                  Erth           #####.....   100%        9    #######
 Tornado                  Air            #####.....   100%        9    #######
 Passage of Golubria      Tloc           Unusable     N/A         4    N/A

Dungeon Overview and Level Annotations

Branches:
Dungeon (15/15)            Temple (1/1) D:7            Lair (6/6) D:11
 Shoals (4/4) Lair:3       Spider (4/4) Lair:3        Slime (0/5) Lair:6
    Orc (2/2) D:10            Elf (3/3) Orc:2        Vaults (5/5) D:14
  Crypt (0/3) Vaults:3     Depths (5/5) D:15           Hell (1/1)
    Zot (5/5) Depths:5
    Dis: Hell:1         Geh: Hell:1         Coc: Hell:1         Tar: Hell:1

Altars:
Ashenzari
Cheibriados
Dithmenos
Elyvilon
Fedhas
Gozag
Hepliaklqana
Kikubaaqudgha
Makhleb
Nemelex Xobeh
Okawaru
Qazlal
Ru
Sif Muna
Trog
Uskayaw
Vehumet
Wu Jian
Xom
Yredelemnul
Zin
The Shining One
Beogh
Jiyva

Shops:
D:4 [   D:8 :   D:13 [   Orc:2 [*=(   Elf:2 }   Elf:3 }=   Shoals:3 *
Vaults:3 (   Vaults:4 =   Depths:1 ([

Portals:
Hell: Depths:1 Depths:2 Depths:3 Depths:4 Depths:5
Abyss: Depths:1 Depths:2 Depths:3 Depths:4
Pandemonium: Depths:3 Depths:4 Depths:5
Ziggurat: Depths:4
Trove: Depths:1 (give 6 potions of haste)

Annotations:
D:15 stash
Vaults:4 rCorr hat
Hell Murray


Innate Abilities, Weirdness & Mutations

You are too large for most types of armour.
You have claws for hands.
Your metabolism is lightning-fast.
You like to eat raw meat.
Your natural rate of healing is unusually fast.
You are covered in fur. (AC +1)
You have very tough skin. (AC +2)
Scrolls take you a little longer to read.
Your flesh is heat resistant. (rF+)
Your magical capacity is extremely low. (-30% MP)


Message History

You claw the lich!
The lich is moderately damaged.
The zombie hands constrict the lich, but do no damage.
You block the lich's attack.
You scratch the lich.
The lich is moderately damaged.
The zombie hands constrict the lich!
You can now pass through a line of other dancers.
You eviscerate the lich!!!
You destroy the lich!
Your life force feels restored.
Casting: Borgnjor's Vile Clutch (safe; 4% risk of failure)
Confirm with . or Enter, or press ? or * to list all spells.
You miscast Irradiate.
You are very lightly contaminated with residual magic.
Strange energies run through your body. Cerix hits you.
You hear a grinding noise.
There is a staircase leading out of the dungeon here.
You block Cerix's attack.
You have escaped!

.).....### #.# #.....###......
.......# #.# .....# #...##.
.......# #.# ...# #....#.
.......# ...###...... ....####
............. ###)# ........#.##.
#.# ##################.... #.#
##....)..).## #..#. #.#
#..♣..@..♣..# #..#. #.#
##....&....## #..#. #.######
#####'##### ######..#.
#.##...######...######...##..#.
#.#.......................#..#.
###.#..⌠.&......⌠........⌠..##.#.
....#.......................##...
###.##...######...######...###...
#.###'## ##>## ##'## #...


You could see Cerix.

Vanquished Creatures
  A pandemonium lord (D:9)
  13 ancient liches
  7 orbs of fire
  Mennas (Vaults:5)
  Sojobo (Vaults:5)
  Saint Roka (Orc:1)
  Xtahua (Depths:3)
  The ghost of Varury the Executioner, a veteran DDFi of Makhleb (Vaults:1)
  A caustic shrike (Depths:2)
  2 Killer Klowns (Zot:5)
  The ghost of Saocanaesu the Crack Shot, a veteran CeHu of Okawaru (Depths:2)
  9 golden dragons
  Geryon (Hell)
  Nikola (Spider:4)
  A profane servitor (D:1)
  Arachne (Spider:2)
  2 electric golems (Zot:5)
  13 tentacled monstrosities
  7 quicksilver dragons
  3 deep elf blademasters
  27 Orb Guardians
  6 liches
  An Ice Fiend (Zot:1)
  2 deep elf master archers (Elf:3)
  10 titans
  6 acid blobs
  7 sphinxes
  Frances (D:13)
  7 death cobs
  Polyphemus (Shoals:2)
  13 storm dragons
  12 tengu reavers
  Ilsuiw (Shoals:2)
  Kirke (Spider:3)
  13 shadow dragons
  A revenant (Vaults:3)
  11 fire giants
  11 frost giants
  11 draconian monks
  8 deep elf sorcerers
  4 draconian scorchers
  12 draconian knights
  18 vault wardens
  An iron dragon (Vaults:5)
  11 ghost moths
  5 emperor scorpions
  Louise (Shoals:1)
  2 balrugs
  8 deep elf elementalists
  3 orc warlords
  2 spriggan defenders (Depths:5)
  11 draconian annihilators
  11 draconian shifters
  14 ironheart preservers
  13 very ugly things
  4 war gargoyles
  6 draconian stormcallers
  18 stone giants
  9 reapers (Depths:1)
  3 entropy weavers
  17 green draconians
  An entropy weaver (shapeshifter) (Vaults:4)
  10 deep elf annihilators
  Azrael (Elf:1)
  13 white draconians
  4 vampire knights
  34 yellow draconians
  4 deep elf demonologists
  11 black draconians
  19 red draconians
  8 spark wasps
  24 purple draconians
  7 deep elf death magi
  A green death (Hell)
  8 merfolk javelineers
  9 merfolk impalers
  8 death oozes
  9 statues (WizLab)
  A fire dragon (shapeshifter) (Vaults:4)
  12 ettins
  3 deep elf high priests
  22 yaktaur captains
  10 fire dragons
  Josephine (D:13)
  6 great orbs of eyes
  27 vault guards
  3 jiangshi (Depths:1)
  3 spriggan air magi
  7 rakshasas
  14 ice dragons
  2 catoblepae
  2 hell beasts
  A monstrous demonspawn (Depths:5)
  9 centaur warriors
  7 merfolk avatars
  A juggernaut simulacrum (Depths:1)
  56 two-headed ogres
  8 hydras
  4 satyrs (Shoals:4)
  2 alligator snapping turtles
  8 merfolk aquamancers
  23 dancing weapons
  6 deep troll earth magi
  6 deep troll shamans
  16 ogre magi
  4 death knights
  7 death yaks
  3 vampire magi
  5 tengu warriors
  7 spriggan berserkers
  9 hell knights
  2 iron golems (Depths:1)
  7 orc high priests
  5 large abominations
  3 soul eaters
  11 sun demons
  28 deep elf knights
  2 shadow wraiths
  A fire crab (D:15)
  5 iron trolls
  12 skeletal warriors
  2 sixfirhies
  A golden dragon zombie (Depths:1)
  A sea snake (shapeshifter) (Depths:3)
  10 small abominations
  2 shadow demons
  A fire crab (shapeshifter) (D:14)
  2 flayed ghosts
  18 sea snakes
  29 deep trolls
  12 unseen horrors
  A swamp dragon (shapeshifter) (D:13)
  6 wizards
  An obsidian statue (Vaults:1)
  11 deep elf archers
  3 glowing orange brains
  14 ironbrand convokers
  3 necromancers
  5 phantasmal warriors
  14 harpies
  24 wolf spiders
  20 orc knights
  99 deep elf magi
  21 orb spiders
  A wolf spider zombie (D:14)
  7 oklob plants
  65 ugly things
  15 cyclopes
  8 orc sorcerers
  A mana viper (shapeshifter) (Vaults:1)
  17 manticores
  9 fauns
  A salamander (Depths:3)
  13 merfolk sirens
  12 elephants
  23 moths of wrath
  A black mamba (shapeshifter) (D:15)
  2 guardian serpents (D:11)
  3 black mambas
  A water nymph (shapeshifter) (Vaults:4)
  A guardian serpent (shapeshifter) (Depths:3)
  5 rust devils (Depths:1)
  7 water nymphs
  A molten gargoyle (Depths:3)
  14 vault sentinels
  3 centaur skeletons (D:15)
  13 spiny frogs
  A gargoyle (D:10)
  64 yaktaurs
  4 orange demons
  A storm dragon simulacrum (Hell)
  A hellion (D:1)
  A rime drake (shapeshifter) (Depths:2)
  3 rime drakes
  A kobold demonologist (D:14)
  16 demonic crawlers
  An efreet (Zot:1)
  9 freezing wraiths
  A tormentor (Hell)
  3 yaktaurs (shapeshifter)
  A tengu conjurer (Depths:1)
  9 komodo dragons
  A guardian mummy (Depths:1)
  9 ice devils
  4 red devils
  36 jumping spiders
  A meliai (D:15)
  2 trolls (shapeshifter)
  32 merfolk
  4 polar bears
  14 trolls
  2 tengu simulacra
  2 meliai (shapeshifter)
  Grinder (D:3)
  Prince Ribbit (D:7)
  47 slime creatures
  11 wind drakes
  A hornet (shapeshifter) (Vaults:4)
  19 hornets
  9 snapping turtles
  5 dream sheep
  A hippogriff (shapeshifter) (Depths:5)
  14 hippogriffs
  8 blink frogs
  Sigmund (D:5)
  A spriggan zombie (Depths:1)
  19 water elementals
  46 redbacks
  2 spriggans (Depths:5)
  A spriggan (shapeshifter) (Depths:1)
  9 wraiths
  27 yaks
  A shadow (D:15)
  34 tarantellas
  An air elemental (Elf:2)
  A centaur simulacrum (D:15)
  2 deep troll skeletons (Depths:1)
  An elf zombie (Depths:1)
  A ynoxinul (D:9)
  4 wyverns
  A yak (shapeshifter) (Elf:3)
  3 vampires
  Grum (D:10)
  A basilisk (shapeshifter) (Vaults:2)
  3 chaos spawn
  A steam dragon (D:14)
  26 fire elementals
  4 fire bats (Depths:3)
  4 vampire mosquitoes
  6 basilisks
  A hungry ghost (D:12)
  A neqoxec (Depths:5)
  A hog (Spider:3)
  Menkaure (D:4)
  Edmund (D:4)
  2 wargs
  An elf skeleton (Depths:1)
  5 acid dragons
  2 soldier ants
  A floating eye (shapeshifter) (Depths:4)
  A hell hound (Elf:1)
  9 water moccasins
  18 porcupines
  Duvessa (D:5)
  A floating eye (Depths:5)
  45 orc warriors
  4 black bears
  44 ogres
  4 phantoms
  The ghost of Acheron the Skirmisher, an amateur HOAK of Lugonu (D:4)
  3 ice beasts
  2 sky beasts
  2 black bears (shapeshifter) (Vaults:4)
  2 eyes of draining
  A tengu (shapeshifter) (Vaults:5)
  14 boggarts
  15 centaurs
  10 wolves
  14 crocodiles
  3 big kobolds
  A gnoll sergeant (D:13)
  20 bullfrogs
  A deep troll simulacrum (Vaults:3)
  A wyvern zombie (D:14)
  Dowan (D:5)
  3 earth elementals
  3 wyvern skeletons
  6 scorpions
  12 killer bees
  7 wights
  An electric eel (Lair:3)
  2 howler monkeys (D:4)
  12 crimson imps
  2 bullfrog zombies
  9 centaur zombies
  3 quasits
  4 hounds
  29 jellies
  19 orc priests
  Ijyb (D:5)
  6 iguanas
  25 orc wizards
  9 worker ants
  A bullfrog simulacrum (D:8)
  A hound zombie (D:6)
  2 hound skeletons
  A killer bee simulacrum (D:8)
  17 adders
  8 gnolls
  6 shadow imps
  4 white imps
  4 ufetubi
  2 oozes (D:2)
  2 adder skeletons (D:6)
  2 worms (D:4)
  A dart slug (D:3)
  2 adder simulacra (D:8)
  6 leopard geckos
  109 orcs
  A ball python (D:5)
  8 bats
  5 giant cockroaches
  18 hobgoblins
  18 jackals
  38 kobolds
  6 quokkas
  4 frilled lizards
  22 goblins
  A quokka skeleton (D:4)
  3 rats
  2 crawling corpses (Elf:3)
  3 plants
2681 creatures vanquished.

Vanquished Creatures (collateral kills)
  A tentacled monstrosity (Vaults:4)
  A death cob (Zot:2)
2 creatures vanquished.

Vanquished Creatures (others)
  An ogre mage (Vaults:5)
  A merfolk aquamancer (Shoals:4)
  2 necromancers (Depths:3)
  3 deep elf magi
  A moth of wrath (Zot:1)
  5 humans (Spider:4)
  A jelly (Zot:3)
  A rat (D:3)
  2 bushes
  37 fungi
  40 plants
94 creatures vanquished.

Grand Total: 2777 creatures vanquished

Notes
Turn   | Place    | Note
-------+----------+-------------------------------------------
     0 | D:1      | Ge0ff the Troll Earth Elementalist began the quest for the Orb.
     0 | D:1      | Reached XP level 1. HP: 16/16 MP: 1/1
    77 | D:1      | Reached skill level 1 in Unarmed Combat
   192 | D:1      | Reached XP level 2. HP: 24/24 MP: 2/2
   325 | D:1      | Reached skill level 2 in Unarmed Combat
   477 | D:1      | Reached XP level 3. HP: 31/31 MP: 3/3
   872 | D:2      | Reached skill level 3 in Unarmed Combat
   945 | D:2      | Found a blossoming altar of Fedhas.
   980 | D:2      | Found a burning altar of Makhleb.
  1207 | D:2      | Reached XP level 4. HP: 32/40 MP: 4/4
  1722 | D:3      | Reached skill level 1 in Fighting
  1762 | D:3      | Reached skill level 4 in Unarmed Combat
  1910 | D:3      | Found a snail-covered altar of Cheibriados.
  1974 | D:3      | Noticed Grinder
  2089 | D:4      | Found a white marble altar of Elyvilon.
  2195 | D:4      | Reached XP level 5. HP: 47/48 MP: 5/5
  2280 | D:4      | Noticed Menkaure
  2412 | D:3      | Reached skill level 5 in Unarmed Combat
  2477 | D:3      | Killed Grinder
  2477 | D:3      | Reached XP level 6. HP: 59/59 MP: 6/6
  2697 | D:4      | Noticed Edmund
  2714 | D:4      | Killed Edmund
  2714 | D:4      | Reached skill level 6 in Unarmed Combat
  2714 | D:4      | Reached XP level 7. HP: 33/66 MP: 5/7
  2832 | D:4      | Found Rediomui's Antique Armour Shop.
  2873 | D:4      | Bought a large shield for 112 gold pieces
  2879 | D:4      | Found a runed gate.
  2879 | D:4      | Found an opulent altar of Gozag.
  2880 | D:4      | Found a runed gate.
  2880 | D:4      | Found a runed gate.
  2880 | D:4      | Noticed Acheron's ghost (amateur HOAK)
  3046 | D:4      | Found Cunt's Food Shoppe.
  3086 | D:4      | Reached skill level 1 in Shields
  3094 | D:4      | Killed Menkaure
  3094 | D:4      | Reached skill level 7 in Unarmed Combat
  3446 | D:4      | Killed Acheron's ghost
  3446 | D:4      | Reached XP level 8. HP: 43/76 MP: 8/8
  3542 | D:5      | Entered Level 5 of the Dungeon
  3919 | D:5      | Noticed Sigmund
  3929 | D:5      | Killed Sigmund
  3929 | D:5      | Reached skill level 8 in Unarmed Combat
  4240 | D:5      | Noticed Duvessa
  4240 | D:5      | Noticed Dowan
  4249 | D:5      | Killed Duvessa
  4258 | D:5      | Killed Dowan
  4286 | D:5      | Noticed Ijyb
  4300 | D:5      | Killed Ijyb
  4522 | D:6      | Found a snail-covered altar of Cheibriados.
  4729 | D:6      | Found a glowing golden altar of the Shining One.
  4787 | D:6      | Reached XP level 9. HP: 85/85 MP: 9/9
  4814 | D:6      | Reached skill level 9 in Unarmed Combat
  5067 | D:6      | Reached skill level 5 in Fighting
  5195 | D:6      | Got an ichor-stained fustibalus
  5946 | D:7      | Noticed Prince Ribbit
  5984 | D:7      | Killed Prince Ribbit
  5984 | D:7      | Reached skill level 10 in Unarmed Combat
  6066 | D:7      | Reached skill level 1 in Throwing
  6203 | D:7      | Found a staircase to the Ecumenical Temple.
  6209 | Temple   | Entered the Ecumenical Temple
  6348 | Temple   | Became a worshipper of Uskayaw the Reveler
  6375 | D:7      | Reached * piety under Uskayaw
  6403 | D:7      | Reached ** piety under Uskayaw
  6692 | D:7      | Found a hazy altar of Hepliaklqana.
  6694 | D:7      | Found a snail-covered altar of Cheibriados.
  6752 | D:8      | Reached *** piety under Uskayaw
  6776 | D:8      | Reached XP level 10. HP: 83/98 MP: 10/10
  7160 | D:8      | Found a radiant altar of Vehumet.
  7305 | D:8      | Noticed a two-headed ogre
  7326 | D:8      | Killed a two-headed ogre
  7326 | D:8      | Reached skill level 5 in Shields
  7326 | D:8      | Reached skill level 11 in Unarmed Combat
  7522 | D:8      | Found a sacrificial altar of Ru.
  7538 | D:8      | Found Samnit's Book Emporium.
  7637 | D:9      | Reached **** piety under Uskayaw
  8202 | D:9      | Found a shimmering altar of Xom.
  8442 | D:10     | Entered Level 10 of the Dungeon
  8560 | D:10     | Reached skill level 1 in Invocations
  8595 | D:10     | Found a staircase to the Orcish Mines.
  8605 | D:10     | Noticed a gargoyle
  8608 | D:10     | Killed a gargoyle
  8711 | D:10     | Identified the +7 fustibalus "Muhagg" {venom, rN++} (You found it on level 6 of the Dungeon)
  8826 | D:10     | Noticed Grum
  8835 | D:10     | Killed Grum
  9149 | D:10     | Reached XP level 11. HP: 91/107 MP: 11/11
  9331 | D:11     | Found a flagged portal.
  9371 | Bailey   | Entered a bailey
  9376 | Bailey   | Noticed an orc warlord
  9377 | Bailey   | Found the +15 Maxwell's patent armour {-Cast -Tele rElec MR+ rCorr}
  9491 | Bailey   | Found a runed gate.
  9493 | Bailey   | Found a runed gate.
  9495 | Bailey   | Found a runed gate.
  9751 | Bailey   | Killed an orc warlord
  9814 | Bailey   | Identified a scroll of acquirement
  9817 | Bailey   | Got twisted quicksilver dragon scales
  9828 | Bailey   | Identified the quicksilver dragon scales "Kajap" {MR+ Slay+2} (You acquired it in a bailey)
  9839 | Bailey   | Reached XP level 12. HP: 115/115 MP: 13/13
  9864 | D:11     | Reached skill level 12 in Unarmed Combat
 10270 | D:11     | Found a staircase to the Lair.
 10283 | D:11     | Paralysed by a hornet for 3 turns
 10924 | Lair:1   | Entered Level 1 of the Lair of Beasts
 10944 | Lair:1   | Upgraded the game from 0.22.0-35-ge4bf2f5f59 to 0.22.0-36-g8e74550d25
 10990 | Lair:1   | Got an ancient rapier
 11136 | Lair:1   | Reached skill level 5 in Throwing
 12087 | Lair:2   | Learned a level 2 spell: Passwall
 12093 | Lair:2   | Learned a level 5 spell: Silence
 12284 | Lair:2   | Reached XP level 13. HP: 124/124 MP: 14/14
 12289 | Lair:2   | Reached ***** piety under Uskayaw
 12298 | Lair:2   | Reached ****** piety under Uskayaw
 13194 | Lair:3   | Reached skill level 13 in Unarmed Combat
 13194 | Lair:3   | Reached skill level 1 in Transmutations
 13549 | Lair:3   | Reached skill level 1 in Hexes
 13643 | Lair:3   | Got slimy storm dragon scales
 13716 | Lair:3   | Found a staircase to the Shoals.
 13984 | Lair:3   | Found a hole to the Spider Nest.
 14058 | Lair:3   | Reached skill level 1 in Air Magic
 14383 | Lair:3   | Identified the +4 storm dragon scales of the Skies Above {rElec rPois MR+ Dex+3} (You acquired it on level 3 of the Lair of Beasts)
 14656 | Lair:4   | Found a burning altar of Makhleb.
 15903 | Lair:6   | Entered Level 6 of the Lair of Beasts
 15921 | Lair:6   | Identified the +0 rapier of the Hills {flame, +Rage rN+ Str+6 Dex-3} (You found it on level 1 of the Lair of Beasts)
 15927 | Lair:6   | Reached skill level 1 in Evocations
 16159 | Lair:6   | Reached XP level 14. HP: 111/136 MP: 14/17
 16233 | Lair:6   | Paralysed by a hornet for 2 turns
 16316 | Lair:5   | Reached skill level 5 in Invocations
 16470 | Lair:6   | Found a viscous altar of Jiyva.
 16471 | Lair:6   | Found a staircase to the Slime Pits.
 16994 | Lair:6   | Identified Putivvoh's Catalogue of the Snowflakes and Talismans
 17700 | Orc:1    | Entered Level 1 of the Orcish Mines
 17701 | Orc:1    | Paralysed by an orc sorcerer for 5 turns
 17710 | Orc:1    | Noticed a stone giant
 17778 | D:10     | Killed a stone giant
 18217 | Orc:2    | Entered Level 2 of the Orcish Mines
 18248 | Orc:2    | Found Jydghienn's General Store.
 18319 | Orc:2    | Found Qytepif's Antique Armour Emporium.
 18487 | Orc:2    | Found a roughly hewn altar of Beogh.
 18621 | Orc:2    | Reached skill level 5 in Dodging
 18656 | Orc:2    | Found Neemmaol's Jewellery Emporium.
 18659 | Orc:2    | Noticed an orc warlord
 18678 | Orc:1    | Killed an orc warlord
 18838 | Orc:2    | Noticed Saint Roka
 19124 | Orc:2    | Noticed an orc warlord
 19560 | Orc:1    | Reached skill level 14 in Unarmed Combat
 19611 | Orc:2    | Found Jymam's Antique Weapon Shoppe.
 19840 | Orc:1    | Killed an orc warlord
 20321 | Orc:2    | Found a staircase to the Elven Halls.
 20504 | Orc:1    | Killed Saint Roka
 20504 | Orc:1    | Reached XP level 15. HP: 65/145 MP: 5/19
 21508 | D:12     | Found a roughly hewn altar of Beogh.
 22153 | D:13     | Noticed Frances
 22164 | D:13     | Killed Frances
 22267 | D:13     | Noticed Josephine
 22276 | D:13     | Killed Josephine
 22373 | D:13     | Found Dydwun's Antique Armour Emporium.
 22956 | D:14     | Learned a level 1 spell: Animate Skeleton
 22958 | D:14     | Learned a level 1 spell: Apportation
 23939 | D:14     | Found a gate to the Vaults.
 24220 | D:15     | Entered Level 15 of the Dungeon
 24403 | D:15     | Found a hide-covered altar of Uskayaw.
 24404 | D:15     | Found a blossoming altar of Fedhas.
 24445 | D:15     | Reached skill level 1 in Necromancy
 24595 | D:15     | Found a staircase to the Depths.
 24761 | D:15     | Found a glowing silver altar of Zin.
 24807 | D:15     | Reached XP level 16. HP: 155/156 MP: 21/21
 24848 | D:15     | Reached skill level 15 in Unarmed Combat
 25570 | D:15     | Noticed a shadow dragon
 25588 | D:15     | Killed a shadow dragon
 25989 | D:15     | Got a crystal flail {speed}
 25992 | D:15     | Identified the +9 flail of Arbitration {speed, rElec MR+} (You took it off a vampire on level 15 of the Dungeon)
 26829 | Spider:1 | Entered Level 1 of the Spider Nest
 28757 | Spider:2 | Noticed Arachne
 28764 | Spider:1 | Reached XP level 17. HP: 160/165 MP: 20/23
 29228 | Spider:2 | Reached skill level 5 in Spellcasting
 29311 | Spider:2 | Reached skill level 5 in Air Magic
 29327 | Spider:2 | Reached skill level 5 in Hexes
 29776 | Spider:2 | Killed Arachne
 29982 | Spider:4 | Entered Level 4 of the Spider Nest
 29991 | Spider:3 | Reached skill level 10 in Armour
 31070 | Spider:3 | Reached skill level 16 in Unarmed Combat
 31491 | Spider:4 | Noticed Kirke
 31517 | Spider:3 | Killed Kirke
 31757 | Spider:3 | Reached skill level 10 in Fighting
 32140 | Spider:4 | Noticed Nikola
 32164 | Spider:4 | Killed Nikola
 33967 | Spider:4 | Got a gossamer rune of Zot
 34341 | Shoals:1 | Entered Level 1 of the Shoals
 34871 | Shoals:1 | Noticed Louise
 34909 | Shoals:1 | Killed Louise
 34920 | Shoals:1 | Reached XP level 18. HP: 140/174 MP: 20/25
 34941 | Shoals:1 | Learned a level 2 spell: Blink
 35564 | Shoals:1 | Learned a level 3 spell: Regeneration
 36094 | Shoals:2 | Noticed Polyphemus
 36390 | Shoals:2 | Killed Polyphemus
 36611 | Shoals:3 | Found an opulent altar of Gozag.
 36750 | Shoals:3 | Noticed Ilsuiw
 36933 | Shoals:2 | Killed Ilsuiw
 37184 | Shoals:4 | Entered Level 4 of the Shoals
 37554 | Shoals:3 | Reached skill level 10 in Shields
 37957 | Shoals:3 | Found Wufed's General Store.
 38000 | Shoals:3 | Bought a scroll of teleportation for 48 gold pieces
 38000 | Shoals:3 | Bought a potion of curing for 48 gold pieces
 38000 | Shoals:3 | Bought a scroll of summoning for 152 gold pieces
 38629 | Shoals:4 | Got a barnacled rune of Zot
 39374 | Shoals:4 | Identified the amulet "Solor" {+Rage Str+4} (You took it off a merfolk siren on level 4 of the Shoals)
 39567 | Shoals:4 | Reached XP level 19. HP: 124/182 MP: 17/27
 40419 | Elf:1    | Entered Level 1 of the Elven Halls
 40698 | Elf:1    | Noticed Azrael
 40714 | Elf:1    | Killed Azrael
 42432 | Elf:2    | Reached skill level 17 in Unarmed Combat
 42472 | Elf:2    | Got a brightly glowing scimitar
 42762 | Elf:2    | Found Lelon's Gadget Shoppe.
 42806 | Elf:2    | Found a runed gate.
 42806 | Elf:2    | Found a runed gate.
 42806 | Elf:2    | Found a runed gate.
 43660 | Elf:3    | Entered Level 3 of the Elven Halls
 43660 | Elf:3    | Found Soodgh's Gadget Emporium.
 43829 | Elf:3    | Found Toiluneh's Jewellery Shop.
 43955 | Elf:3    | Got a dazzling longbow
 43958 | Elf:3    | Identified the Reference Book on the Noxious Voyage
 43973 | Elf:3    | Found the +4 moon troll leather armour {Spirit, Regen++ MP+5}
 45257 | Elf:3    | Got an encrusted rapier {pain}
 45257 | Elf:3    | Got a coiled bronze ring
 45259 | Elf:3    | Identified the ring "Xitauv" {rElec rPois rF+ Dex+3 Stlth-} (You took it off a deep elf mage on level 3 of the Elven Halls)
 45309 | Elf:3    | Reached XP level 20. HP: 156/191 MP: 23/29
 46016 | Elf:3    | Got a coiled amber ring
 46019 | Elf:3    | Identified the ring "Taxouqanat" {rN+ Int+3} (You took it off a deep elf knight on level 3 of the Elven Halls)
 46020 | Elf:3    | Identified the ring "Qauch" {Ice +Fly} (You took it off a deep elf death mage on level 3 of the Elven Halls)
 46023 | Elf:3    | Got an ichor-stained falchion {freeze}
 46222 | Elf:3    | Found the +2 hat of the Bear Spirit {Spirit, +Rage rN+ MR++}
 46278 | Elf:3    | Identified the Grimoire of the Ten Realms
 46290 | Elf:3    | Identified Foat's Compendium of the Evil Mountains
 46296 | Elf:3    | Identified Opyosul's Volume of Calling
 46363 | Elf:3    | Identified the Tome of the Earthen Escort (You acquired it on level 3 of the Elven Halls)
 46373 | Elf:3    | Learned a level 5 spell: Borgnjor's Vile Clutch
 46745 | Orc:2    | Bought the ring "Buloig" {Wiz Slay+5} for 754 gold pieces
 46929 | Vaults:1 | Entered Level 1 of the Vaults
 47331 | Vaults:1 | Reached skill level 10 in Invocations
 48375 | Vaults:1 | Found a runed gate.
 48376 | Vaults:1 | Found an opulent altar of Gozag.
 48378 | Vaults:1 | Found a runed gate.
 48378 | Vaults:1 | Found a runed gate.
 48378 | Vaults:1 | Noticed Varury's ghost (veteran DDFi)
 49225 | Vaults:2 | Reached XP level 21. HP: 200/200 MP: 30/30
 50166 | Vaults:1 | Killed Varury's ghost
 51623 | Vaults:3 | Found a staircase to the Crypt.
 51729 | Vaults:3 | Found Kaygoe's Weapon Shoppe.
 51887 | Vaults:3 | Reached skill level 10 in Air Magic
 52072 | Vaults:3 | Reached skill level 10 in Hexes
 52866 | Vaults:3 | Reached XP level 22. HP: 204/209 MP: 29/32
 53395 | Vaults:4 | Found a magical portal.
 53466 | Vaults:4 | Found Isuate's Jewellery Shop.
 53514 | WizLab   | Entered Iskenderun's Mystic Tower
 53848 | WizLab   | Reached skill level 18 in Unarmed Combat
 54173 | WizLab   | Identified the Papyrus of the Dusty Entourage
 54173 | WizLab   | Identified the Incunabulum of Scorching Earth
 54189 | WizLab   | Identified Iskenderun's Handbook of Blows and Bruises
 54189 | WizLab   | Identified Iskenderun's Guide on Arcane Weapons
 54384 | WizLab   | Learned a level 1 spell: Summon Butterflies
 54858 | Vaults:4 | Noticed an ancient lich
 54878 | Vaults:4 | Killed an ancient lich
 54898 | Vaults:4 | Noticed a golden dragon
 54905 | Vaults:4 | Killed a golden dragon
 54907 | Vaults:4 | Found the +8 glaive of the Guard {elec, +Rage AC+5 SInv}
 54984 | Vaults:4 | Got a jewelled hat
 54985 | Vaults:4 | Identified the +0 hat of a bailey {rPois rCorr} (You acquired it on level 4 of the Vaults)
 55310 | Vaults:5 | Entered Level 5 of the Vaults
 55628 | Vaults:4 | Reached skill level 1 in Charms
 56100 | Vaults:5 | Reached XP level 23. HP: 108/222 MP: 15/34
 56254 | Vaults:5 | Reached skill level 15 in Shields
 56610 | Vaults:5 | Noticed Mennas
 56707 | Vaults:5 | Identified Cuwamnev's Incunabulum of Stones and Confrontation
 56718 | Vaults:5 | Learned a level 5 spell: Irradiate
 56765 | Vaults:5 | Identified the Grimoire of Creative Execration
 56769 | Vaults:5 | Reached skill level 1 in Translocations
 57015 | Vaults:4 | Reached skill level 1 in Summonings
 57369 | Vaults:5 | Noticed Sojobo
 57942 | Vaults:5 | Got a scintillating marble ring
 57944 | Vaults:5 | Identified the ring of Foivatuh {rElec Str+2} (You took it off a deep elf elementalist on level 5 of the Vaults)
 58051 | Vaults:5 | Got an uncursed encrusted whip {speed}
 58072 | Vaults:5 | Identified the ring "Qinlami" {rF+ rN+++ MP+9 Str+3 Slay-3} (You took it off a deep elf mage on level 5 of the Vaults)
 58215 | Vaults:5 | Reached skill level 5 in Earth Magic
 58851 | Vaults:5 | Killed Sojobo
 58851 | Vaults:5 | Reached skill level 5 in Necromancy
 59190 | Vaults:5 | Reached skill level 1 in Conjurations
 59237 | Vaults:5 | Killed Mennas
 59237 | Vaults:5 | Reached XP level 24. HP: 142/231 MP: 21/35
 59978 | Vaults:5 | Got a silver rune of Zot
 60030 | Vaults:5 | Learned a level 3 spell: Portal Projectile
 60540 | Depths:1 | Entered Level 1 of the Depths
 60555 | Depths:1 | Found a one-way gate to the infinite horrors of the Abyss.
 60766 | Depths:1 | Found Haiklet's Antique Armour Shop.
 60766 | Depths:1 | Found Kuguor's Antique Weapon Boutique.
 61070 | Depths:1 | Found a bloodstained altar of Trog.
 61163 | Depths:1 | Learned a level 5 spell: Summon Mana Viper
 61532 | Depths:1 | Found a portal to a secret trove of treasure.
 61655 | Depths:1 | Found a gateway to Hell.
 62253 | Hell     | Entered the Vestibule of Hell
 62253 | Hell     | Noticed Geryon
 62472 | Depths:1 | Reached skill level 5 in Stealth
 62626 | Hell     | Killed Geryon
 63021 | Hell     | Noticed Murray
 63881 | Depths:2 | Found a runed gate.
 63882 | Depths:2 | Noticed Saocanaesu's ghost (veteran CeHu)
 63883 | Depths:2 | Found a runed gate.
 63883 | Depths:2 | Found a viscous altar of Jiyva.
 63883 | Depths:2 | Found a runed gate.
 64655 | Depths:2 | Reached XP level 25. HP: 241/241 MP: 35/35
 65113 | Depths:2 | Killed Saocanaesu's ghost
 65142 | Depths:2 | Got an encrusted dagger
 65145 | Depths:2 | Got a scintillating iron ring
 65146 | Depths:2 | Identified the ring "Quuh" {rCorr rElec rF+ SInv} (You found it on level 2 of the Depths)
 65726 | Depths:3 | Noticed Xtahua
 66026 | Depths:3 | Found a one-way gate leading to the halls of Pandemonium.
 66076 | Depths:3 | Reached skill level 5 in Transmutations
 66100 | Depths:3 | Killed Xtahua
 67495 | Depths:4 | Found a gateway to a ziggurat.
 67509 | Depths:4 | Learned a level 5 spell: Aura of Abjuration
 68158 | Depths:5 | Entered Level 5 of the Depths
 68881 | Depths:5 | Reached skill level 5 in Summonings
 68887 | Depths:5 | Found a gate to the Realm of Zot.
 68903 | Depths:5 | Reached XP level 26. HP: 209/253 MP: 25/35
 69244 | Depths:5 | Reached skill level 10 in Spellcasting
 70268 | D:4      | Bought a ration for 50 gold pieces
 70268 | D:4      | Bought a ration for 50 gold pieces
 70268 | D:4      | Bought a ration for 50 gold pieces
 70268 | D:4      | Bought a ration for 50 gold pieces
 70268 | D:4      | Bought a ration for 50 gold pieces
 70268 | D:4      | Bought a ration for 50 gold pieces
 70268 | D:4      | Bought a ration for 50 gold pieces
 70268 | D:4      | Bought a ration for 50 gold pieces
 70268 | D:4      | Bought a ration for 50 gold pieces
 70268 | D:4      | Bought a ration for 50 gold pieces
 70433 | Orc:2    | Bought 2 potions of curing for 96 gold pieces
 70433 | Orc:2    | Bought a scroll of enchant armour for 120 gold pieces
 70433 | Orc:2    | Bought a wand of acid (5) for 288 gold pieces
 70557 | D:8      | Bought a book of Callings for 360 gold pieces
 70557 | D:8      | Bought a manual of Dodging for 1324 gold pieces
 70731 | Elf:3    | Bought a wand of paralysis (7) for 144 gold pieces
 70731 | Elf:3    | Bought a wand of enslavement (15) for 272 gold pieces
 70731 | Elf:3    | Bought a wand of paralysis (10) for 192 gold pieces
 70731 | Elf:3    | Bought a wand of acid (12) for 512 gold pieces
 70760 | Elf:2    | Bought a wand of digging (10) for 476 gold pieces
 70760 | Elf:2    | Bought a wand of digging (14) for 612 gold pieces
 70760 | Elf:2    | Bought a wand of iceblast (7) for 187 gold pieces
 70760 | Elf:2    | Bought a wand of acid (4) for 272 gold pieces
 70760 | Elf:2    | Bought a wand of scattershot (5) for 459 gold pieces
 71066 | Vaults:4 | Bought the ring "Vuokk" {rC++ rN+ MR+++ Dex-2} for 566 gold pieces
 71373 | Zot:1    | Entered Level 1 of the Realm of Zot
 71419 | Depths:5 | Learned a level 5 spell: Yara's Violent Unravelling
 71764 | Zot:1    | Paralysed by the power of Zot for 5 turns
 72164 | Zot:1    | Reached skill level 19 in Unarmed Combat
 72930 | Zot:1    | Noticed an orb of fire
 72950 | Zot:1    | Gained mutation: Your body sometimes deteriorates upon taking damage. [an orb of fire]
 72953 | Zot:1    | Gained mutation: You are clumsy. (Dex -2) [an orb of fire]
 72957 | Zot:1    | Gained mutation: Scrolls take you a little longer to read. [an orb of fire]
 72959 | Zot:1    | Killed an orb of fire
 73532 | Zot:2    | Reached skill level 5 in Conjurations
 73532 | Zot:2    | Reached skill level 10 in Earth Magic
 74381 | Zot:2    | Noticed an orb of fire
 74383 | Zot:2    | Gained mutation: You are dopey. (Int -2) [an orb of fire]
 74385 | Zot:2    | Gained mutation: You occasionally shout uncontrollably at your foes. [an orb of fire]
 74385 | Zot:2    | Gained mutation: Armour fits poorly on your strangely shaped body. [an orb of fire]
 74412 | Zot:2    | Gained mutation: Your magical capacity is low. (-10% MP) [an orb of fire]
 74420 | Zot:2    | Reached XP level 27. HP: 74/261 MP: 0/32
 74426 | Zot:2    | Killed an orb of fire
 74427 | Zot:2    | Lost mutation: Armour fits poorly on your strangely shaped body. [potion of mutation]
 74427 | Zot:2    | Lost mutation: You are dopey. (Int -2) [potion of mutation]
 74427 | Zot:2    | Lost mutation: You occasionally shout uncontrollably at your foes. [potion of mutation]
 74427 | Zot:2    | Gained mutation: You possess an exceptional clarity of mind. [potion of mutation]
 74427 | Zot:2    | Gained mutation: Your spells are a little harder to cast, but a little more powerful. [potion of mutation]
 74458 | Zot:2    | Lost mutation: Your body sometimes deteriorates upon taking damage. [potion of mutation]
 74458 | Zot:2    | Lost mutation: Your spells are a little harder to cast, but a little more powerful. [potion of mutation]
 74458 | Zot:2    | Lost mutation: Your magical capacity is low. (-10% MP) [potion of mutation]
 74458 | Zot:2    | Lost mutation: You are clumsy. (Dex -2) [potion of mutation]
 74458 | Zot:2    | Gained mutation: Your magical capacity is low. (-10% MP) [potion of mutation]
 74458 | Zot:2    | Gained mutation: Your flesh is heat resistant. (rF+) [potion of mutation]
 75519 | Zot:3    | Got a dazzling spear {vamp}
 76351 | Zot:3    | Reached skill level 10 in Dodging
 77689 | Zot:4    | Reached skill level 10 in Necromancy
 77857 | Zot:4    | Found the +9 scales of the Dragon King {rPois rF+ rC+ MR+}
 78315 | Zot:5    | Entered Level 5 of the Realm of Zot
 78648 | Zot:5    | Noticed an ancient lich
 78667 | Zot:5    | Killed an ancient lich
 78853 | Zot:5    | Noticed an ancient lich
 78868 | Zot:5    | Killed an ancient lich
 78870 | Zot:5    | Noticed an ancient lich
 78956 | Zot:5    | Noticed an ancient lich
 78964 | Zot:5    | Killed an ancient lich
 78966 | Zot:5    | Killed an ancient lich
 78998 | Zot:5    | Noticed an ancient lich
 79026 | Zot:5    | Killed an ancient lich
 79110 | Zot:5    | Noticed an ancient lich
 79117 | Zot:5    | Killed an ancient lich
 79468 | Zot:5    | Noticed an orb of fire
 79482 | Zot:5    | Gained mutation: Your magical capacity is very low. (-20% MP) [an orb of fire]
 79488 | Zot:5    | Killed an orb of fire
 79499 | Zot:5    | Noticed an ancient lich
 79501 | Zot:5    | Noticed an ancient lich
 79506 | Zot:5    | Killed an ancient lich
 79510 | Zot:5    | Killed an ancient lich
 79520 | Zot:5    | Noticed an ancient lich
 79538 | Zot:5    | Killed an ancient lich
 79747 | Zot:5    | Noticed an ancient lich
 79757 | Zot:5    | Killed an ancient lich
 79818 | Zot:5    | Noticed an ancient lich
 79835 | Zot:5    | Killed an ancient lich
 79964 | Zot:5    | Reached skill level 20 in Unarmed Combat
 80323 | Zot:5    | Noticed an orb of fire
 80341 | Zot:5    | Killed an orb of fire
 80849 | Zot:5    | Noticed an orb of fire
 80862 | Zot:5    | Lost mutation: You possess an exceptional clarity of mind. [an orb of fire]
 80864 | Zot:5    | Killed an orb of fire
 80888 | Zot:5    | Got a twisted short sword
 80909 | Zot:5    | Identified the +11 short sword of Harmony {pierce, MR+ Str+3} (You found it on level 5 of the Realm of Zot)
 81100 | Zot:5    | Reached skill level 15 in Armour
 81120 | Zot:5    | Noticed an orb of fire
 81121 | Zot:5    | Killed an orb of fire
 81131 | Zot:5    | Noticed an orb of fire
 81138 | Zot:5    | Gained mutation: Your magical capacity is extremely low. (-30% MP) [an orb of fire]
 81149 | Zot:5    | Killed an orb of fire
 81403 | Zot:5    | Noticed an ancient lich
 81418 | Zot:5    | Killed an ancient lich
 81921 | Zot:5    | Got the Orb of Zot
 81940 | Zot:4    | Reached skill level 15 in Fighting
 82067 | Zot:1    | Noticed a seraph
 82120 | Depths:5 | Noticed Xob Zeve the pandemonium lord
 82361 | D:9      | Noticed Unogha the pandemonium lord
 82373 | D:9      | Killed Unogha the pandemonium lord
 82618 | D:1      | Reached skill level 21 in Unarmed Combat
 82642 | D:1      | Noticed Cerix the pandemonium lord
 82654 | D:$      | Escaped with the Orb!

Skill      XL: |  1  2  3  4  5  6  7  8  9 10 11 12 13 14 15 16 17 18 19 20 21 22 23 24 25 26 27 |
---------------+----------------------------------------------------------------------------------+-----
Unarmed Combat | 1 2 3 4 5 6 7 8 10 11 12 13 14 15 16 17 18 19 21 | 21.0
Fighting       | 1 2 3 4 5 6 7 8 9 10 12 13 15 | 15.0
Dodging        | 2 3 4 5 6 7 9 14 | 14.0
Shields        | 1 3 4 5 6 7 8 9 10 11 12 14 15 | 15.0
Throwing       | 2 4 5 6 7 |  7.0
Invocations    | 2 3 4 5 6 7 8 9 10 11 12 | 12.0
Armour         | 7 8 9 10 11 12 13 15 | 15.0
Earth Magic    | 3 5 7 9 10 | 10.0
Spellcasting   | 2 3 4 5 6 7 8 9 10 11 | 11.0
Stealth        | 2 3 4 5 6 7 |  7.0
Transmutations | 2 3 4 5 6 9 |  9.0
Hexes          | 1 3 4 5 7 8 9 10 | 10.0
Air Magic      | 1 2 4 5 7 8 9 10 | 10.0
Evocations     | 1 3 |  3.0
Necromancy     | 1 3 5 7 8 9 10 | 10.0
Charms         | 2 3 |  3.0
Translocations | 2 3 |  3.0
Summonings     | 2 3 5 6 9 |  9.0
Conjurations   | 1 2 4 5 9 |  9.0

Action                   |  1- 3 |  4- 6 |  7- 9 | 10-12 | 13-15 | 16-18 | 19-21 | 22-24 | 25-27 || total
-------------------------+-------+-------+-------+-------+-------+-------+-------+-------+-------++-------
Melee: Unarmed           |   146 |   114 |   336 |   499 |  1329 |  2060 |  1865 |  1467 |  1940 ||  9756
       Punch             |     1 |     1 |     1 |       |       |       |       |       |       ||     3
       Rapier            |       |       |       |       |    10 |     8 |       |       |       ||    18
 Fire: Blowgun           |       |     6 |    32 |    17 |       |       |     2 |       |       ||    57
       Fustibalus        |       |       |       |     4 |     1 |       |       |       |       ||     5
Throw: Stone             |    13 |    14 |     5 |       |       |       |       |       |       ||    32
       Javelin           |       |       |    12 |     5 |    14 |       |   287 |   308 |   304 ||   930
       Tomahawk          |       |       |    35 |    80 |   335 |   283 |     3 |       |       ||   736
       Large rock        |       |       |       |       |     7 |    13 |     1 |       |       ||    21
       Throwing net      |       |       |       |       |     3 |       |       |       |       ||     3
 Cast: Sandblast         |       |    13 |     1 |       |     6 |       |       |       |       ||    20
       Silence           |       |       |       |       |       |       |       |    16 |     9 ||    25
       Regeneration      |       |       |       |       |       |       |       |     7 |       ||     7
       Apportation       |       |       |       |       |       |       |       |     4 |    22 ||    26
       Irradiate         |       |       |       |       |       |       |       |     1 |     9 ||    10
       Summon Butterflie |       |       |       |       |       |       |       |     1 |     1 ||     2
       Borgnjor's Vile C |       |       |       |       |       |       |       |       |    71 ||    71
       Blink             |       |       |       |       |       |       |       |       |     1 ||     1
       Summon Mana Viper |       |       |       |       |       |       |       |       |    22 ||    22
       Yara's Violent Un |       |       |       |       |       |       |       |       |     4 ||     4
       Passwall          |       |       |       |       |       |       |       |       |     1 ||     1
Invok: Stomp             |       |       |       |     1 |     4 |       |       |       |       ||     5
       Grand Finale      |       |       |       |       |     3 |     1 |     7 |     6 |    12 ||    29
       Line Pass         |       |       |       |       |     4 |     1 |     1 |     1 |       ||     7
 Abil: Evoke Berserk Rag |       |       |       |       |     1 |       |       |       |       ||     1
Evoke: Wand              |       |       |       |     7 |    29 |    59 |     7 |     3 |    26 ||   131
       Lamp of fire      |       |       |       |       |     2 |     9 |     7 |     4 |     2 ||    24
       Lightning rod     |       |       |       |       |       |       |    18 |       |    12 ||    30
       Phial of floods   |       |       |       |       |       |       |     1 |     2 |       ||     3
  Use: Scroll            |     1 |     3 |     6 |    14 |    16 |    11 |    11 |    18 |    21 ||   101
       Potion            |       |     2 |       |     5 |       |     4 |       |     5 |    14 ||    30
 Stab: Sleeping          |     2 |       |     2 |       |       |       |       |       |       ||     4
       Paralysed         |       |       |       |    23 |    89 |    89 |   143 |   142 |   190 ||   676
       Confused          |       |       |       |       |     2 |       |     4 |       |     1 ||     7
       Held in net/web   |       |       |       |       |     1 |       |       |       |       ||     1
       Distracted        |       |       |       |       |       |     1 |       |       |     2 ||     3
       Petrifying        |       |       |       |       |       |       |       |     1 |       ||     1
       Invisible         |       |       |       |       |       |       |       |       |     1 ||     1
  Eat: Chunk             |    17 |    14 |    33 |    56 |   112 |   138 |   128 |   115 |   167 ||   780
       Ration            |       |       |       |       |     1 |     2 |       |       |    10 ||    13
Armor: Robe              |    36 |    35 |   100 |    89 |       |       |       |       |       ||   260
       Quicksilver drago |       |       |       |    57 |   456 |       |       |       |       ||   513
       Storm dragon scal |       |       |       |       |    89 |  1125 |   453 |   402 |   389 ||  2458
Dodge: Dodged            |    69 |    55 |    42 |   122 |   314 |   669 |   393 |   388 |   334 ||  2386
Block: Large shield      |       |       |   132 |   340 |   979 |  1833 |  1495 |  1460 |  1558 ||  7797

Vault maps used:
D:1:      minmay_arrival_split_and_join, kennysheep_decorative_pillar
D:2:      cheibrodos_greedy_goblins, bloody_makhleb, fedhas_altar_2
D:3:      wad_pebble_path, kennysheep_slug_shrine, uniq_grinder
D:4:      old_standard_altar, serial_shops, nicolae_shop_behind_doors,
          nicolae_shop_crystal, first_ration, ebering_ghost_gozag,
          uniq_menkaure, uniq_edmund
D:5:      nrook_uturn, grunt_decor_one_mirror, kennysheep_small_circle,
          uniq_duvessa, uniq_sigmund, uniq_ijyb
D:6:      kennysheep_mini_moat, lemuel_statue_altar
D:7:      minitemple, minmay_temple_entry_trees, uniq_prince_ribbit1
D:8:      vehumet_altar_wand_db, nicolae_ru_the_path_less_chosen, serial_ice,
          serial_ice_o, serial_ice_a, serial_ice_e, serial_ice_m, serial_shops,
          shop
D:9:      kennysheep_little_box, blue_anna_alchemist
D:10:     orc_0_dummy, uniq_grum
D:11:     nrook_guardian_serpent_snake_passage, grunt_lair_entry_orc_guard_hut,
          enter_bailey_3, lab_entry_generic
D:12:     special_room, kennysheep_generic_room_12
D:13:     serial_shops, kennysheep_mini, uniq_frances, uniq_josephine
D:14:     erik_vaults_1, serial_bayou_pond_d
D:15:     hangedman_slaughterboxes, serial_shops
Temple:   dshaligram_water_room_temple
Lair:1:   minivault_24, wad_woods_river_01
Lair:2:   minmay_lair_oklob_chamber
Lair:3:   minmay_shoals_entry_beasts, spider_nest_entry_webs,
          serial_bayou_shore_a
Lair:4:   basic_altar, grunt_megastairs_4
Lair:6:   gammafunk_lair_ancient_temple, slime_altar_1
Shoals:1: uniq_louise
Shoals:2: uniq_polyphemus
Shoals:3: cheibrodos_shoals_three_sisters, serial_shops,
          nicolae_shop_waterfront, lemuel_oklob_altar, uniq_ilsuiw
Shoals:4: shoals_end_simple, shoal_ilsuiw
Spider:2: uniq_arachne
Spider:4: spider_rune_water, uniq_kirke, uniq_nikola
Orc:2:    grunt_orc_gardens, grunt_orc_garden, grunt_orc_garden,
          grunt_orc_garden, grunt_orc_garden, basic_altar, library_closet,
          uniq_saint_roka
Elf:1:    minmay_elf_arrival_plus, hangedman_elf_represent, uniq_azrael
Elf:2:    serial_shops, nicolae_shop_behind_doors
Elf:3:    elf_hall, serial_shops, nicolae_shop_window_shopping,
          nicolae_shop_window_shopping, minmay_the_grid_2x2
Vaults:1: ebering_vaults_ghost_gozag, vaults_room_door_ring,
          ontoclasm_vaults_tryst, vaults_room_grunt_arrival_ludios, v_misc_19,
          nicolae_vaults_alarming, ontoclasm_vaults_spin,
          grunt_vaults_hallway_long, nicolae_vaults_what_the_h, v_misc_33,
          ontoclasm_vaults_loading_screen, ontoclasm_vaults_ring_large,
          nicolae_vaults_network_periphery, v_misc_13
Vaults:2: v_alt_pattern_5, v_misc_14, v_misc_17,
          nicolae_vaults_little_squares_3, vaults_dpeg_spiral, v_misc_5,
          nicolae_vaults_little_squares_2, nicolae_vaults_yaktaur_gun_rack,
          nicolae_vaults_border_crossing, hangedman_vaults_hat,
          vaults_room_semicircle, v_misc_30, ontoclasm_vaults_idyll,
          v_alt_pattern_1, vaults_dpeg_hooks
Vaults:3: minmay_crypt_entry_simple_box, grunt_vaults_bifocal,
          vaults_room_semicircle, vaults_dpeg_diagonal, hangedman_vaults_snaps,
          grunt_vaults_twisty, vaults_room_grid,
          vaults_standard_mumra_enter_the_diamond,
          nicolae_vaults_disjoint_gnomons, st_squares, nicolae_vaults_asterisk,
          v_misc_23, hangedman_vaults_trim, grunt_vaults_hallway_long,
          ontoclasm_vaults_shuriken, nicolae_vaults_angled_halls, serial_shops,
          nicolae_shop_window_shopping
Vaults:4: v_misc_3, nicolae_vaults_theta, grunt_vaults_hallway_long, v_misc_5,
          minmay_guarded_unrand_guard_vaults, v_alt_pattern_1,
          nicolae_vaults_shelves_hall, vaults_room_fours,
          hangedman_vaults_river_flow, v_misc_16, vaults_dpeg_ring,
          serial_shops, shop, lightli_enter_wizlab_magi_temple
Vaults:5: uniq_mennas, uniq_sojobo
Depths:1: nicolae_trove_entry_path_of_doom, abyss_entry,
          roderic_serpentine_path, hell_entry, evilmike_spriggan_trog_shrine,
          minmay_shoptagon, serial_bayou_shore_b
Depths:2: evilmike_pillar_path, gammafunk_ghost_ooze, hell_entry, abyss_entry
Depths:3: lemuel_flame_loot_2, pan_entry, grunt_mini_vestibule, abyss_entry,
          serial_glass, glass_columns_b, glass_columns_a, glass_columns_a,
          glass_columns_b, uniq_xtahua
Depths:4: kennysheep_spiral_hall, enter_ziggurat_e, pan_entry,
          hangedman_tar_grid_catacomb, minmay_room_of_horrors, dk_noncrumbling_3
Depths:5: grunt_crosshair, hangedman_coc_ice_floe, grunt_pan_entry_in_and_out,
          nicolae_water_bricks, roderic_lattice_a, minivault_11
Zot:1:    lemuel_firehouse
Zot:2:    hangedman_elemental_corridor, grunt_megastairs_3
Zot:3:    lemuel_acid_trip, hangedman_zot_decor_scrapings
Bailey:   bailey_axe_bossmonster_kennysheep, bailey
WizLab:   wizlab_iskenderun
